 Dungeon Crawl Stone Soup version 0.30-a0-368-g86fb4627a9 (webtiles) character file.

Game seed: 15738391909217780938

102 mopl the Magician (level 4, -1/27 HPs)
             Began as an Octopode Hedge Wizard on Nov 19, 2022.
             Slain by a hound (2 damage)
             ... on level 4 of the Dungeon.
             The game lasted 00:02:33 (2274 turns).

mopl the Magician (Octopode Hedge Wizard)           Turns: 2274, Time: 00:02:34

Health: -1/27      AC:  1    Str:  9    XL:     4   Next: 78%
Magic:  7/9        EV: 13    Int: 18    God:
Gold:   101        SH:  0    Dex: 11    Spells: 7/10 levels left

rFire   . . .      SeeInvis .    a - +2 dagger (protect)
rCold   . . .      Faith    .    (no shield)
rNeg    . . .      Spirit   .    b - +0 hat
rPois   .          Reflect  .    (no amulet)
rElec   .          Harm     .    (no ring)
rCorr   .          Rampage  .    (no ring)
Will    .....                    (no ring)
Stlth   +++.......               (no ring)
HPRegen 0.24/turn                (no ring)
MPRegen 0.11/turn                (no ring)
                                 (no ring)
                                 (no ring)

@: very slightly contaminated
A: almost no armour, amphibious, 8 rings, camouflage 1, gelatinous body 1,
(nimble swimmer 1), tentacles
a: no special abilities


You were on level 4 of the Dungeon.
You visited 1 branch of the dungeon, and saw 4 of its levels.

You collected 101 gold pieces.

Inventory:

Hand Weapons
 a - a +2 dagger of protection (weapon)
Missiles
 p - 3 boomerangs
Armour
 b - a +0 hat (worn)
Scrolls
 d - 3 scrolls of blinking {unknown}
 f - a scroll of butterflies {unknown}
 g - a scroll of enchant weapon {unknown}
 h - 2 scrolls of immolation {unknown}
 i - a scroll of identify
 j - a scroll of vulnerability {unknown}
 k - a scroll of enchant armour {unknown}
 l - a scroll of noise {unknown}
 q - a scroll of brand weapon {unknown}
Potions
 c - a potion of magic
 e - a potion of curing
 m - a potion of heal wounds
 n - a potion of brilliance
 o - a potion of haste


   Skills:
 - Level 2.0 Dodging
 - Level 2.6 Stealth
 * Level 3.9 Spellcasting
 * Level 2.9 Conjurations
 - Level 1.0 Summonings
 + Level 2.0 Translocations


You had 7 spell levels left.
You knew the following spells:

 Your Spells              Type           Power      Damage    Failure   Level
a - Magic Dart            Conj           52%        1d5       4%          1
e - Blink                 Tloc           22%        N/A       10%         2

Your spell library contained the following spells:

 Spells                   Type           Power      Damage    Failure   Level
 Slow                     Hex            12%        N/A       16%         1
 Call Imp                 Summ           7%         N/A       16%         2
 Cigotuvi's Dreadful Rot  Necr/Pois/Air  6%         N/A       22%         2
 Portal Projectile        Hex/Tloc       14%        N/A       28%         3
 Mephitic Cloud           Conj/Pois/Air  6%         N/A       30%         3
 Tukima's Dance           Hex            3%         N/A       41%         3
 Blade Hands              Tmut           1%         N/A       99%         5


Dungeon Overview and Level Annotations

Branches:
Dungeon (4/15)             Temple (0/1) D:4

Altars:
Nemelex Xobeh
Qazlal
Wu Jian
Zin

Annotations:
D:4 Sigmund


Innate Abilities, Weirdness & Mutations

You cannot wear most types of armour.
You are amphibious.
You can wear up to eight rings at the same time.
Your skin changes colour to match your surroundings (Stealth+).
Your rubbery body absorbs attacks. (AC +1, EV +1)
((You are camouflaged when in or above water. (Stealth+)))
You have tentacles for arms and can constrict up to eight enemies at once.


Message History

You feel sick. The hound misses you.
A gnoll comes into view. It is wielding a +0 whip.
The hound bites you but does no damage.
Unknown command.
You feel sick. The hound barely misses you.
You feel sick. The hound misses you.
You feel sick.
You feel sick.
You are no longer poisoned.
The hound bites you. The hound attacks as you move away!
The hound bites you but does no damage.
A gnoll comes into view. It is wielding a +0 whip.
The hound barely misses you. The hound attacks as you move away!
The hound closely misses you. The hound attacks as you move away!
The hound misses you.
The hound stops to sniff the ground.
The hound misses you. The hound attacks as you move away! The hound bites you.
* * * LOW HITPOINT WARNING * * *
The hound barely misses you.
Sigmund gestures wildly while chanting.
Sigmund flickers and vanishes!
Deactivating autopickup; reactivate with Ctrl-A.
The hound misses you. The hound closely misses you.
The hound barely misses you. The hound attacks as you move away!
The hound barely misses you. The hound attacks as you move away!
The hound bites you.
* * * LOW HITPOINT WARNING * * *
The hound bites you.
* * * LOW HITPOINT WARNING * * *
The hound bites you.
* * * LOW HITPOINT WARNING * * *
There is a staircase to the Ecumenical Temple here.
Casting: Magic Dart (safe; 4% risk of failure)
Confirm with . or Enter, or press ? or * to list all spells.
You miscast Blink.
You are very lightly contaminated with residual magic.
Nothing appears to happen.
The hound bites you.
You die...

.@'........###..........
.##.........#..........
. ###.##...............
#.##..##.##.#..##.#
#.###.......#.....#..
#.# #.##.#....##....#
#.# #....#.##....##.
#.###.##....h.##....#
#......##.@....#...
#.#..#......##.# .# #
#..#.#.##... ..
#....#.....#.##.. #.#...
##..# .. . #. .## ....
#. .... .##..
......##...#.. .##
...>.........


You could see a hound.

Vanquished Creatures
  4 adders
  A dart slug (D:2)
  7 orcs
  4 endoplasms
  5 giant cockroaches
  2 hobgoblins (D:2)
  2 jackals (D:3)
  3 quokkas
  6 ball pythons
  3 bats
  2 frilled lizards (D:2)
  5 goblins
  5 kobolds
  6 rats
55 creatures vanquished.

Notes
Turn   | Place    | Note
-------+----------+-------------------------------------------
     0 | D:1      | mopl the Octopode Hedge Wizard began the quest for the Orb.
     0 | D:1      | Reached XP level 1. HP: 11/11 MP: 4/4
   270 | D:1      | Reached XP level 2. HP: 17/17 MP: 4/6
   608 | D:1      | Found a faded altar of an unknown god.
   712 | D:2      | Learned a level 2 spell: Blink
   805 | D:2      | Reached XP level 3. HP: 21/21 MP: 7/7
   817 | D:2      | Reached skill level 2 in Conjurations
   877 | D:2      | You fall into a shaft and drop 2 floors!
   975 | D:3      | Found a sparkling altar of Nemelex Xobeh.
  1539 | D:3      | Reached XP level 4. HP: 14/27 MP: 9/9
  1827 | D:3      | Found a stormy altar of Qazlal.
  1839 | D:3      | Found a glowing silver altar of Zin.
  1947 | D:3      | Found an ornate altar of the Wu Jian Council.
  2059 | D:3      | Reached skill level 2 in Translocations
  2234 | D:4      | Found a staircase to the Ecumenical Temple.
  2251 | D:4      | Noticed Sigmund
  2273 | D:4      | HP: 1/27 [hound (3)]
  2274 | D:4      | Slain by a hound

Illustrated notes

Levels and vault maps discovered:
D:1:      lemuel_arrival_hallway, layout_loops_ring,
          shapermc_ecumenical_altar_petra, minmay_pentomino_z2
D:2:      layout_loops_ring, st_stairs_9
D:3:      cheibrodos_helix_gallery, layout_loops_ring,
          amethyst_overflow_temple_binary, mainiacjoe_overflow_catch_the_wave
D:4:      cheibrodos_quashed, layout_basic, nicolae_dithmenos_shadow_blocks,
          minmay_temple_entry_ruins, gammafunk_ghost_mausoleum, uniq_sigmund

Skill      XL: |  1  2  3  4 |
---------------+-------------+-----
Conjurations   | 2 |  2.9
Translocations | 2 |  2.0
Dodging        | |  2.0
Stealth        | |  2.6
Spellcasting   | |  3.9
Summonings     | |  1.0

Action                   |  1- 3 |  4- 6 || total
-------------------------+-------+-------++-------
Melee: Dagger            |    82 |    35 ||   117
       Tentacles         |    18 |     5 ||    23
       Constrict         |    16 |     6 ||    22
       Punch             |     2 |     1 ||     3
 Cast: Magic Dart        |     6 |       ||     6
  Use: Potion            |     1 |       ||     1
       Scroll            |       |     4 ||     4
 Stab: Sleeping          |    13 |     4 ||    17
Armor: Skin              |    12 |     7 ||    19
Dodge: Dodged            |    48 |    20 ||    68

Table legend: (Time is in decaauts)
 A = Elapsed time spent in this place.
 B = Non-inter-level travel time spent in this place.
 C = Inter-level travel time spent in this place.
 D = Time resting spent in this place.
 E = Time spent auto-exploring this place.
 F = Levels seen in this place.
 G = Mean time per level.
                   A        B        C        D        E       F      G
               +--------+--------+--------+--------+--------+-----+--------+
         Total |   2273 |   2174 |     99 |    115 |   1662 |   4 |  568.2 |
       Dungeon |   2273 |   2174 |     99 |    115 |   1662 |   4 |  568.2 |
               +--------+--------+--------+--------+--------+-----+--------+

Top non-repeatable levels by time:
     D:3: 825 daAuts
     D:1: 708 daAuts
     D:2: 578 daAuts
     D:4: 162 daAuts
